 Seeded DCSS version 0.30-a0-879-ga8ba668304 (webtiles) character file.

Game seed: 3428853487130244560 (custom seed)

3380 bmack86 the Cleaver (level 9, -4/80 HPs)
             Began as a Minotaur Fighter on Mar 13, 2023.
             Slain by an orc knight
             ... wielding a +0 war axe
              (10 damage)
             ... in a bailey.
             The game lasted 00:17:50 (5622 turns).

bmack86 the Cleaver (Minotaur Fighter)              Turns: 5622, Time: 00:17:51

Health: -4/80      AC: 25    Str: 25    XL:     9   Next: 74%
Magic:  2/2        EV:  7    Int:  5    God:
Gold:   226        SH:  5    Dex: 10    Spells: 8/8 levels left

rFire   . . .      SeeInvis .    l - +9 war axe (antimagic)
rCold   . . .      Faith    .    c - +0 buckler
rNeg    . . .      Spirit   .    z - +0 plate armour
rPois   .          Reflect  .    (helmet restricted)
rElec   .          Rampage  .    b - +1 cloak
rCorr   .                        q - +1 pair of gloves
Will    .....                    m - +2 pair of boots Stlth
                                 (no amulet)
HPRegen 0.33/turn                s - +4 ring of protection
MPRegen 0.08/turn                (no ring)

@: mighty
A: horns 2, retaliatory headbutt
a: no special abilities


You were in a bailey.
You visited 2 branches of the dungeon, and saw 8 of its levels.
You also visited: Ossuary and Bailey.

You collected 750 gold pieces.
You spent 524 gold pieces at shops.

Inventory:

Hand Weapons
 a - a +0 war axe
 l - a +9 antimagic war axe (weapon)
Missiles
 r - 23 boomerangs
 w - 16 poisoned darts (quivered)
Armour
 b - a +1 cloak (worn)
 c - a +0 buckler (worn)
 m - a +2 pair of boots (worn)
 q - a +1 pair of gloves (worn)
 z - a +0 plate armour (worn)
Jewellery
 s - a +4 ring of protection (left hand)
 x - a ring of magical power
Wands
 B - a wand of roots (15)
Scrolls
 e - a scroll of blinking
 h - 9 scrolls of fog
 o - a scroll of teleportation
 y - 2 scrolls of poison
Potions
 d - a potion of might
 f - a potion of haste {unknown}
 g - 2 potions of berserk rage
 i - 3 potions of mutation
 j - a potion of attraction {unknown}
 k - 7 potions of curing
 n - 2 potions of magic
 p - a potion of ambrosia {unknown}
 t - a potion of cancellation
 u - a potion of heal wounds
 v - a potion of invisibility
 A - a potion of lignification


   Skills:
 + Level 7.7 Fighting
 * Level 10.2 Axes
 + Level 4.9 Throwing
 + Level 7.8 Armour
 + Level 7.7 Shields


You had 8 spell levels left.
You didn't know any spells.
Your spell library contained the following spells:

 Spells                   Type           Power      Damage    Failure   Level
 Necrotise                Necr           0%         1d4       100%        1
 Summon Small Mammal      Summ           0%         N/A       100%        1
 Sublimation of Blood     Necr           0%         N/A       100%        2
 Wereblood                Tmut           0%         N/A       100%        2
 Call Canine Familiar     Summ           0%         N/A       100%        3
 Gell's Gravitas          Tloc           0%         N/A       100%        3
 Summon Guardian Golem    Hex/Summ       0%         N/A       100%        3
 Teleport Other           Tloc           0%         N/A       100%        3
 Vhi's Electric Charge    Tloc/Air       0%         N/A       100%        3
 Agony                    Necr           0%         N/A       100%        5
 Arcjolt                  Conj/Air       0%         1d10      100%        5
 Dispersal                Tloc           0%         N/A       100%        6
 Starburst                Conj/Fire      0%         6d3       100%        6
 Summon Hydra             Summ           0%         N/A       100%        7
 Borgnjor's Revivificati  Necr           0%         N/A       100%        8
 Maxwell's Capacitive Co  Air            0%         ∞         100%        8


Dungeon Overview and Level Annotations

Branches:
Dungeon (7/15)             Temple (1/1) D:7         Ossuary (visited)
 Bailey (1/1)

Altars:
Cheibriados
Dithmenos
Elyvilon
Fedhas
Gozag
Hepliaklqana
Kikubaaqudgha
Makhleb
Nemelex Xobeh
Qazlal
Sif Muna
Trog
Uskayaw
Vehumet
Wu Jian
Xom
Yredelemnul
Zin
The Shining One

Shops:
D:1 (   D:4 *[*   D:5 *


Innate Abilities, Weirdness & Mutations

You have a pair of horns on your head.
You reflexively headbutt those who attack you in melee.


Message History

You closely miss the orc warrior.
You feel sick.
The orc warrior hits you with a +0 war axe!
You slash the orc knight!
The orc knight is lightly wounded.
You slice the orc warrior!!
You kill the orc warrior!
You feel sick.
You miss the orc knight. Your headbutt misses the orc knight.
The orc knight is lightly wounded.
You feel sick.
You are no longer poisoned.
Found four items.
The orc warrior hits you but does no damage.
The kobold brigand hits you but does no damage.
The orc warrior barely misses you.
The orc knight hits you with a +0 war axe.
There is an open door, spattered with blood here.
Items here: ( )) †.
The orc knight hits you with a +0 war axe!
You see here 4 atropa-tipped darts.
You slash the orc knight!
The orc knight is moderately wounded.
You slash the orc warrior!
The orc warrior hits you with a +0 broad axe!
* * * LOW HITPOINT WARNING * * *
The orc knight hits you but does no damage.
Unknown command.
You slash the orc knight! You headbutt the orc knight!
The orc knight is severely wounded.
You completely miss the orc warrior.
The orc warrior hits you with a +0 broad axe!
* * * LOW HITPOINT WARNING * * *
The orc knight hits you with a +0 war axe.
* * * LOW HITPOINT WARNING * * *
You barely miss the orc knight. Your headbutt misses the orc knight.
The orc knight is severely wounded.
You slash the orc warrior!
The orc warrior no longer looks unusually strong.
The orc knight hits you with a +0 war axe!
You die...

#.###~~.......~~##
#....~~.......~~..
#####~~.......~~##
##~.......~##
####'''####
##..[..##
#∩(....∩#
#...8...#
##.o@o.## ###K###
#.o.# ..((...
...(.......
...............
...............
#.............#
###./!...=$.###


You could see an orc knight, 2 orc warriors and a kobold brigand.

Vanquished Creatures
  An orc knight (Bailey)
  A hornet (D:7)
  2 orc warriors
  An ice beast (D:7)
  A sky beast (D:6)
  A black bear (D:6)
  An ogre (D:7)
  A phantom (D:5)
  6 kobold brigands (Bailey)
  A bullfrog (D:6)
  2 gnoll sergeants (D:7)
  4 water moccasin zombies (Ossuary)
  5 wights (D:6)
  2 howler monkeys (D:7)
  2 jellies
  3 orc priests
  4 hounds
  7 iguanas
  A sleepcap (D:6)
  Natasha (thrice) (D:2)
  An orc wizard (D:6)
  3 mummies
  7 adders
  8 gnolls (D:7)
  A shadow imp (D:6)
  2 white imps (D:7)
  4 ufetubi (D:6)
  5 adder zombies (Ossuary)
  6 worms
  3 dart slugs (D:1)
  25 orcs
  4 ball pythons
  6 bats
  11 endoplasms
  2 giant cockroaches
  2 gnoll zombies (Ossuary)
  12 goblins
  7 hobgoblins
  3 jackals (D:2)
  2 quokkas
  2 frilled lizards
  2 hobgoblin zombies (Ossuary)
  16 kobolds
  7 kobold zombies
  8 orc zombies
  3 rats (D:2)
201 creatures vanquished.

Notes
Turn   | Place    | Note
-------+----------+-------------------------------------------
     0 | D:1      | bmack86 the Minotaur Fighter began the quest for the Orb.
     0 | D:1      | Reached XP level 1. HP: 19/19 MP: 0/0
   165 | D:1      | Found Zofunism's Antique Weapon Shop.
   288 | D:1      | Reached XP level 2. HP: 27/27 MP: 1/1
   294 | D:1      | Reached skill level 3 in Axes
   320 | D:1      | Got Sif Muna's Enchiridion on Corpses and the Arsonist
   596 | D:1      | Found a faded altar of an unknown god.
   962 | D:2      | Reached XP level 3. HP: 32/33 MP: 2/2
  1169 | D:2      | Noticed Natasha
  1183 | D:2      | Killed Natasha
  1184 | D:2      | Reached XP level 4. HP: 20/40 MP: 3/3
  1257 | D:2      | Noticed Natasha
  1263 | D:2      | Killed Natasha
  1264 | D:2      | Reached skill level 4 in Axes
  1333 | D:2      | Reached XP level 5. HP: 39/47 MP: 4/4
  1517 | D:2      | Noticed Natasha
  1521 | D:2      | Killed Natasha
  1911 | D:1      | Bought a glowing war axe for 162 gold pieces
  2427 | D:4      | Found Eturph's Antique Armour Emporium.
  2427 | D:4      | Found Suyl's Assorted Antiques.
  2427 | D:4      | Found Risauh's Assorted Antiques.
  2427 | D:4      | Found Ocaynwox's Magic Scroll Emporium.
  2486 | D:4      | Reached skill level 5 in Axes
  2518 | D:4      | Found a basalt altar of Yredelemnul.
  2602 | D:4      | Bought a notched emerald ring for 120 gold pieces
  2617 | D:4      | Identified the +1 leather armour "Jorereek" {rF+ rN+ Int-2
                  | Dex+3}
  3041 | D:5      | Entered Level 5 of the Dungeon
  3095 | D:4      | Bought a scroll labelled CIYCLE ISMUPP for 22 gold pieces
  3099 | D:4      | Bought a scroll labelled AZUSTOSTOKK for 24 gold pieces
  3143 | D:5      | Reached XP level 6. HP: 55/55 MP: 1/5
  3204 | D:5      | Reached skill level 5 in Fighting
  3204 | D:5      | Reached skill level 5 in Armour
  3204 | D:5      | Reached skill level 5 in Shields
  3216 | D:5      | Reached skill level 1 in Throwing
  3287 | D:5      | Found Xuuqy's Assorted Antiques.
  3587 | D:5      | Reached XP level 7. HP: 61/61 MP: 2/6
  3690 | D:5      | Reached skill level 6 in Axes
  3790 | D:5      | Bought a scroll labelled YBLOB CULES for 31 gold pieces
  3861 | D:6      | Reached skill level 7 in Axes
  3870 | D:6      | Reached XP level 8. HP: 16/69 MP: 2/7
  4358 | D:6      | Identified the +1 ring mail "Pyegedos" {rElec rC+}
  4523 | D:4      | Bought a runed cloak for 165 gold pieces
  4765 | D:7      | Noticed a hornet
  4770 | D:7      | Killed a hornet
  4771 | D:7      | Reached skill level 8 in Axes
  4818 | D:7      | Found a sand-covered staircase.
  4824 | Ossuary  | Entered an ossuary
  4934 | Ossuary  | Reached XP level 9. HP: 77/78 MP: 2/8
  5116 | D:7      | Reached skill level 9 in Axes
  5170 | D:7      | Found a staircase to the Ecumenical Temple.
  5184 | Temple   | Entered the Ecumenical Temple
  5257 | D:7      | Found a flagged portal.
  5340 | Bailey   | Entered a bailey
  5465 | Bailey   | Noticed an orc knight
  5478 | Bailey   | Killed an orc knight
  5607 | Bailey   | Noticed an orc knight
  5611 | Bailey   | Reached skill level 10 in Axes
  5622 | Bailey   | Slain by an orc knight

Illustrated notes

Levels and vault maps discovered:
D:1:      dpeg_arrival_central, layout_basic, serial_shops, shop,
          hellmonk_ecumenical_altar_heavens_door
D:2:      layout_loops_ring, kennysheep_nub, uniq_natasha
D:3:      layout_rooms, corexii_leaking_fountain
D:4:      layout_cave_pools, old_standard_altar,
          hangedman_abyss_or_decor_passed, minmay_shop_grid_forest,
          grunt_decor_clamped
D:5:      layout_loops_ring, serial_shops, nicolae_shop_stone
D:6:      layout_gridville, serial_demonic, serial_demonic_g, serial_demonic_f,
          serial_demonic_c, serial_demonic_f
D:7:      layout_rooms, minmay_temple_entry_waves, nicolae_ossuary_entry_giza,
          enter_bailey_5
Temple:   nicolae_temple_no_exploring_needed
Bailey:   bailey_axe_3, bailey

Skill      XL: |  1  2  3  4  5  6  7  8  9 |
---------------+----------------------------+-----
Axes           | 3 4 5 7 8 10 | 10.2
Fighting       | 4 5 6 7 |  7.7
Armour         | 4 5 6 7 |  7.8
Shields        | 4 5 6 7 |  7.7
Throwing       | 1 2 3 4 |  4.9

Action                     |  1- 3 |  4- 6 |  7- 9 || total
---------------------------+-------+-------+-------++-------
  Melee: War axe           |    65 |   115 |   201 ||   381
         Headbutt          |     6 |    16 |    26 ||    48
  Throw: Dart              |       |     1 |     5 ||     6
    Use: Scroll            |       |     3 |    18 ||    21
         Potion            |       |       |     2 ||     2
 Armour: Scale mail        |    34 |    60 |    15 ||   109
         Chain mail        |       |       |   111 ||   111
         Plate armour      |       |       |     5 ||     5
  Dodge: Dodged            |    32 |    55 |    73 ||   160
  Block: Buckler           |    14 |    26 |    56 ||    96

Table legend: (Time is in decaauts)
 A = Elapsed time spent in this place.
 B = Non-inter-level travel time spent in this place.
 C = Inter-level travel time spent in this place.
 D = Time resting spent in this place.
 E = Time spent auto-exploring this place.
 F = Levels seen in this place.
 G = Mean time per level.
                   A        B        C        D        E       F      G
               +--------+--------+--------+--------+--------+-----+--------+
         Total |   5718 |   5207 |    511 |    330 |   2890 |  10 |  571.8 |
       Dungeon |   5250 |   4739 |    511 |    169 |   2890 |   7 |  750.0 |
        Temple |      1 |      1 |      0 |      0 |      0 |   1 |    1.0 |
       Ossuary |    177 |    177 |      0 |      0 |      0 |   1 |  177.0 |
        Bailey |    288 |    288 |      0 |    161 |      0 |   1 |  288.0 |
               +--------+--------+--------+--------+--------+-----+--------+

Top non-repeatable levels by time:
     D:2: 1005 daAuts
     D:1: 996 daAuts
     D:6: 835 daAuts
     D:4: 789 daAuts
     D:5: 739 daAuts
     D:3: 479 daAuts
     D:7: 405 daAuts
  Bailey: 288 daAuts
 Ossuary: 177 daAuts
  Temple: 1 daAuts
